 Dungeon Sprint DCSS version 0.16-a0-3197-g5046a99 (webtiles) character file.

64670 BluebellGnoll the Evocator (level 14, 61/135 HPs)
             Began as a Deep Dwarf Artificer on Dec 18, 2014.
             Was the Champion of Makhleb.
             Quit the game in the Dungeon (Sprint IX: "|||||||||||||||||||||||||||||").
             The game lasted 00:41:24 (2356 turns).

BluebellGnoll the Evocator (Deep Dwarf Artificer)   Turns: 2356, Time: 00:41:24

Health: 61/135     AC: 23    Str: 20      XL:     14   Next: 72%
Magic:  22/22      EV: 15    Int: 12 (13) God:    Makhleb [******]
Gold:   303        SH: 23    Dex: 16      Spells: 3 memorised, 2 levels left

rFire  . . .     SeeInvis .     Y - +1 war axe (drain)
rCold  . . .     Clarity  .     R - +3 chain mail {MR+}
rNeg   + . .     SustAb   .     Q - +0 large shield
rPois  .         Gourm    .     (no helmet)
rElec  .         Spirit   .     t - +2 cloak
rCorr  .         Warding  .     N - +0 pair of gloves
rMut   .         NoTele   +     U - +1 pair of boots
MR     +++..                    (no amulet)
Stlth  +.........               w - +2 ring of evasion
                                v - +3 ring of dexterity

@: non-regenerating, extremely resistant to hostile enchantments, very
unstealthy
A: damage resistance, recharge devices, negative energy resistance 1, sense
surroundings 2, slow healing 3
a: Device Recharging, Minor Destruction, Lesser Servant of Makhleb, Major
Destruction, Greater Servant of Makhleb, Renounce Religion


You were in the Dungeon.
You worshipped Makhleb.
Makhleb was exalted by your worship.
You were hungry.

You visited 1 branch You collected 1924 gold pieces.
You spent 1621 gold pieces at shops.

Inventory:

Hand weapons
 e - a +0 blowgun
 q - a +1 broad axe of chopping
 r - a +2 rapier of venom
 B - a +5 arbalest of flaming
 Y - a +1 war axe of draining (weapon)
Missiles
 a - 8 curare-tipped needles
 i - 75 bolts
 K - 3 throwing nets
 L - 4 javelins (quivered)
Armour
 t - a +2 cloak (worn)
 u - the -5 hat "Oraekkav" {+Blink +Inv rPois}
   (You bought it in a shop in the Dungeon)

   It protects you from poison.
   It lets you turn invisible.
   It lets you blink.
 M - a +1 chain mail of positive energy
 N - a +0 pair of gloves (worn)
 P - a +1 chain mail of poison resistance
 Q - a +0 large shield (worn)
 R - a +3 chain mail of magic resistance (worn)
 U - a +1 pair of boots (worn)
Jewellery
 v - a +3 ring of dexterity (left hand)
 w - a +2 ring of evasion (right hand)
 O - an uncursed ring of see invisible
 S - an uncursed ring of ice
 T - an uncursed ring of protection from cold
Magical devices
 b - a wand of flame (13)
 c - a wand of enslavement (9)
 d - a wand of random effects (0)
 f - a wand of heal wounds (2)
 p - a wand of fire (0)
 I - a wand of digging (16)
Scrolls
 m - 2 scrolls of blinking
 n - 4 scrolls of remove curse
 o - 2 scrolls of amnesia
 y - 4 scrolls of enchant armour
 C - 3 scrolls of fear
 D - a scroll of identify
 F - a scroll of fog
 W - a scroll of recharging
Potions
 h - 5 potions of curing
 j - 4 potions of invisibility
 k - 4 potions of magic
 l - 2 potions of berserk rage
 x - a potion of brilliance
 z - 2 potions of resistance
 A - 3 potions of restore abilities
 J - a potion of might
 V - 2 potions of cure mutation
Books
 s - the Almanac of Torrid Arcane Weapons
   (You bought it in a shop in the Dungeon)

   Spells                             Type                      Level
   a - Conjure Flame                  Conjuration/Fire             3
   b - Mephitic Cloud                 Conjuration/Poison/Air       3
   c - Fireball                       Conjuration/Fire             5
   d - Ring of Flames                 Charms/Fire                  7
Comestibles
 g - 13 bread rations
 E - 7 chunks of flesh
 G - 13 meat rations
 H - 40 fruits


   Skills:
 - Level 11.5 Fighting
 - Level 0.8 Short Blades
 * Level 19.3 Axes
 - Level 13.4 Armour
 - Level 9.6 Dodging
 - Level 9.2 Stealth
 - Level 20.8 Shields
 - Level 17.4 Invocations
 + Level 26.8 Evocations


You had 2 spell levels left.
You knew the following spells:

 Your Spells              Type           Power        Failure   Level  Hunger
a - Conjure Flame         Conj/Fire      #.......     100%        3    ####...
b - Mephitic Cloud        Conj/Pois/Air  #.......     100%        3    ####...
c - Fireball              Conj/Fire      #.........   100%        5    ######.


Dungeon Overview and Level Annotations

Branches:
Dungeon (1/1)

Altars:
Cheibriados
Dithmenos
Elyvilon
Fedhas
Gozag
Kikubaaqudgha
Makhleb
Nemelex Xobeh
Okawaru
Qazlal
Ru
Sif Muna
Trog
Vehumet
Xom
Yredelemnul
Zin
The Shining One
Beogh
Jiyva
Lugonu

Shops:
D [:[

Annotations:
D Boris, Mara, Xtahua


Innate Abilities, Weirdness & Mutations

You are resistant to damage.
You can recharge devices by infusing magical energy.
You resist negative energy.
You passively map the area around you.
You do not heal naturally.


Message History

a chain mail; a dire flail Some of the chunks of flesh in your inventory have rotted away.
Things that are here:
a buckler; an enchanted hand axe Some of the chunks of flesh in your inventory have rotted away.
Drink which item? (? for menu, Esc to quit)
Okay, then.
Evoke which item? (* to show all) (? for menu, Esc to quit)
Zapping:
f - a wand of heal wounds (5)
Press: ? - help, Shift-Dir - straight line, f - you You feel much better.
This wand has 4 charges left.
Evoke which item? (* to show all) (? for menu, Esc to quit)
Zapping:
f - a wand of heal wounds (4)
Press: ? - help, Shift-Dir - straight line, f - you You feel much better.
This wand has 3 charges left.
Evoke which item? (* to show all) (? for menu, Esc to quit)
Zapping:
f - a wand of heal wounds (3)
Press: ? - help, Shift-Dir - straight line, f - you You feel much better.
This wand has 2 charges left.
Are you sure you want to abandon this character and quit the game? (Confirm with "yes".)

▓......[...........
▓▓▓▓▓▓▓▓▓▓▓▓▓▓▓▓▓▓▓
▓.........'..[.(...
▓.▓▓▓▓▓▓▓▓▓▓▓▓▓▓▓▓▓
▓..................
▓▓▓▓▓▓▓▓▓▓▓▓▓▓▓▓▓▓▓
▓............'.....
▓.▓▓▓▓▓▓▓▓▓▓▓▓▓▓▓▓▓
▓.@................
▓▓▓▓▓▓▓▓▓▓▓▓▓▓▓▓▓▓▓
▓.........'.R...D§§
▓.▓▓▓▓▓▓▓▓▓▓▓▓▓▓▓▓▓
▓....§D..R, ,
▓▓▓▓▓▓▓▓▓ ** * , ,
, , , * ** * ** , ,


There were no monsters in sight!

Vanquished Creatures
  Norris (D)
  Nikola (D)
  A lich (D)
  A greater naga (D)
  2 frost giants (D)
  Louise (D)
  A vault warden (D)
  4 stone giants (D)
  2 ettins (D)
  4 yaktaur captains (D)
  A rakshasa (D)
  3 ironheart preservers (D)
  3 ogre magi (D)
  Harold (D)
  An alligator snapping turtle (D)
  A death yak (D)
  A deep troll earth mage (D)
  3 tengu warriors (D)
  A centaur warrior (D)
  A deep troll shaman (D)
  A naga sharpshooter (D)
  Urug (D)
  4 catoblepae (D)
  A fire crab (D)
  A skeletal warrior (D)
  A salamander mystic (D)
  2 deep elf knights (D)
  3 ironbrand convokers (D)
  An unseen horror (D)
  A shambling mangrove (D)
  3 lindwurms (D)
  3 swamp dragons (D)
  3 hill giants (D)
  An orb spider (D)
  2 manticores (D)
  3 harpies (D)
  An orc knight (D)
  A cyclops (D)
  A manticore (shapeshifter) (D)
  5 orc sorcerers (D)
  3 wolf spiders (D)
  2 water nymphs (D)
  2 mana vipers (D)
  A wizard (D)
  An elephant (shapeshifter) (D)
  Maurice (D)
  2 black mambas (D)
  An octopode (shapeshifter) (D)
  A torpor snail (D)
  2 yaktaurs (D)
  A naga mage (D)
  3 spiny frogs (D)
  An efreet (D)
  A tengu conjurer (D)
  A merfolk (D)
  A kobold demonologist (D)
  A demonic crawler (D)
  2 jumping spiders (D)
  Sonja (D)
  A giant leech (D)
  2 wind drakes (D)
  2 slime creatures (D)
  2 redbacks (D)
  2 basilisks (D)
  A shadow (D)
  A hippogriff (D)
  2 nagas (D)
  A water moccasin (D)
  A porcupine (D)
  12 orc warriors (D)
  2 crocodiles (D)
  A yellow wasp (D)
  A crocodile (shapeshifter) (D)
  An ogre (D)
  A brain worm (D)
  2 giant frogs (D)
  A scorpion (D)
  A hound (D)
  2 crimson imps (D)
  9 orc wizards (D)
  4 orc priests (D)
  An iguana (D)
  2 worker ants (D)
  3 adders (D)
  4 worms (D)
  2 orc zombies (D)
  An adder skeleton (D)
  8 orcs (D)
  A bat zombie (D)
  3 giant cockroaches (D)
  A quokka (D)
  A bat (D)
  A kobold (D)
  2 rats (D)
183 creatures vanquished.

Vanquished Creatures (collateral kills)
  A troll (D)
1 creature vanquished.

Vanquished Creatures (others)
  Frederick (D)
  A blizzard demon (D)
  A hill giant (D)
  A human skeleton (D)
  A bat zombie (D)
5 creatures vanquished.

Grand Total: 189 creatures vanquished

Notes
Turn   | Place    | Note
--------------------------------------------------------------
     0 | D        | BluebellGnoll, the Deep Dwarf Artificer, began the quest for the Orb.
     0 | D        | Reached XP level 1. HP: 16/16 MP: 1/1
     6 | D        | Reached skill level 5 in Evocations
    21 | D        | Reached skill level 6 in Evocations
    26 | D        | Noticed a crimson imp
    26 | D        | Noticed a worker ant
    26 | D        | Noticed a crimson imp
    43 | D        | Killed a worker ant
    43 | D        | Reached skill level 9 in Evocations
    43 | D        | Reached XP level 2. HP: 22/24 MP: 5/5
    43 | D        | Reached XP level 3. HP: 27/30 MP: 7/7
    58 | D        | Found a glowing silver altar of Zin.
    58 | D        | Found a glowing golden altar of the Shining One.
    58 | D        | Found an ancient bone altar of Kikubaaqudgha.
    58 | D        | Found a basalt altar of Yredelemnul.
    58 | D        | Found a shimmering altar of Xom.
    58 | D        | Found a radiant altar of Vehumet.
    58 | D        | Found an iron altar of Okawaru.
    59 | D        | Found a burning altar of Makhleb.
    60 | D        | Found a deep blue altar of Sif Muna.
    61 | D        | Found a bloodstained altar of Trog.
    62 | D        | Found a sparkling altar of Nemelex Xobeh.
    63 | D        | Found a white marble altar of Elyvilon.
    64 | D        | Found a roughly hewn altar of Beogh.
    65 | D        | Found a viscous altar of Jiyva.
    66 | D        | Found a corrupted altar of Lugonu.
    67 | D        | Found a blossoming altar of Fedhas.
    68 | D        | Became a worshipper of Makhleb the Destroyer
    69 | D        | Found a snail-covered altar of Cheibriados.
    70 | D        | Found a shadowy altar of Dithmenos.
    71 | D        | Found a stormy altar of Qazlal.
    72 | D        | Found an opulent altar of Gozag.
    73 | D        | Found a sacrificial altar of Ru.
   159 | D        | Killed a crimson imp
   159 | D        | Reached skill level 11 in Evocations
   176 | D        | Killed a crimson imp
   176 | D        | Reached skill level 12 in Evocations
   176 | D        | Reached XP level 4. HP: 33/37 MP: 10/12
   218 | D        | Noticed an ogre
   218 | D        | Noticed a scorpion
   218 | D        | Noticed a hill giant
   219 | D        | Killed a scorpion
   219 | D        | Acquired Makhleb's first power
   219 | D        | Reached XP level 5. HP: 44/48 MP: 15/15
   220 | D        | Killed an unseen horror
   220 | D        | Reached skill level 10 in Axes
   220 | D        | Reached XP level 6. HP: 55/67 MP: 18/18
   220 | D        | Reached XP level 7. HP: 60/74 MP: 20/20
   220 | D        | Acquired Makhleb's second power
   221 | D        | Killed a hill giant
   221 | D        | Reached XP level 8. HP: 68/85 MP: 22/22
   221 | D        | Killed an ogre
   222 | D        | Acquired Makhleb's third power
   232 | D        | Noticed an efreet
   232 | D        | Noticed a worker ant
   232 | D        | Noticed a kobold demonologist
   232 | D        | Noticed a basilisk
   232 | D        | Noticed a hill giant
   233 | D        | Killed a worker ant
   234 | D        | Killed a hill giant
   234 | D        | Reached skill level 10 in Fighting
   234 | D        | Reached skill level 13 in Axes
   234 | D        | Killed a kobold demonologist
   234 | D        | Acquired Makhleb's fourth power
   234 | D        | Reached skill level 14 in Axes
   245 | D        | Killed a basilisk
   245 | D        | Gained mutation: You passively map the area around you. [level up]
   245 | D        | Reached XP level 9. HP: 67/97 MP: 23/23
   251 | D        | Killed an efreet
   381 | D        | Noticed a crocodile
   381 | D        | Noticed an iguana
   381 | D        | Noticed a spiny frog
   381 | D        | Noticed a black mamba
   381 | D        | Noticed a hippogriff
   381 | D        | Noticed a giant frog
   382 | D        | Killed a spiny frog
   384 | D        | Killed a giant frog
   384 | D        | Acquired Makhleb's fifth power
   387 | D        | Noticed a catoblepas
   387 | D        | Killed a hippogriff
   387 | D        | Reached skill level 15 in Evocations
   388 | D        | Killed an iguana
   389 | D        | Killed a black mamba
   389 | D        | Reached skill level 16 in Evocations
   389 | D        | Killed a crocodile
   395 | D        | Killed a catoblepas
   395 | D        | Reached skill level 18 in Evocations
   418 | D        | Noticed a crocodile
   418 | D        | Noticed a hound
   418 | D        | Noticed a fire crab
   418 | D        | Noticed a porcupine
   418 | D        | Noticed a basilisk
   418 | D        | Noticed a spiny frog
   419 | D        | Killed a porcupine
   419 | D        | Reached skill level 1 in Armour
   420 | D        | Killed a spiny frog
   420 | D        | Reached skill level 15 in Axes
   420 | D        | Reached XP level 10. HP: 101/105 MP: 27/27
   420 | D        | Killed a basilisk
   421 | D        | Noticed a torpor snail
   626 | D        | Killed a fire crab
   628 | D        | Killed a hound
   631 | D        | Killed a crocodile
   643 | D        | HP: 1/105 [torpor snail (17)]
   645 | D        | Killed a torpor snail
   667 | D        | Noticed a lindwurm
   667 | D        | Noticed a brain worm
   667 | D        | Noticed a lindwurm
   667 | D        | Noticed a lindwurm
   669 | D        | Killed a lindwurm
   669 | D        | Killed a brain worm
   670 | D        | Killed a lindwurm
   670 | D        | Reached skill level 5 in Stealth
   709 | D        | Killed a lindwurm
   777 | D        | Noticed Sonja
   778 | D        | Killed Sonja
   818 | D        | Noticed Urug
   823 | D        | Killed Urug
   856 | D        | Noticed an orc priest
   856 | D        | Noticed an orc priest
   856 | D        | Noticed an orc warrior
   856 | D        | Noticed an orc warrior
   856 | D        | Noticed an orc warrior
   860 | D        | Killed an orc warrior
   861 | D        | Killed an orc warrior
   861 | D        | Killed an orc priest
   861 | D        | Killed an orc priest
   861 | D        | Reached XP level 11. HP: 78/111 MP: 26/26
   866 | D        | Killed an orc warrior
   869 | D        | Noticed an orc priest
   877 | D        | Killed an orc priest
   903 | D        | Noticed an orc warrior
   907 | D        | Noticed an orc wizard
   909 | D        | Killed an orc warrior
   909 | D        | Killed an orc wizard
   928 | D        | Noticed an orc warrior
   928 | D        | Noticed an orc warrior
   928 | D        | Noticed an orc warrior
   928 | D        | Noticed an orc warrior
   928 | D        | Noticed an orc priest
   929 | D        | Noticed an orc warrior
   931 | D        | Killed an orc priest
   932 | D        | Killed an orc warrior
   933 | D        | Noticed an orc warrior
   934 | D        | Killed an orc warrior
   935 | D        | Noticed an orc warrior
   938 | D        | Killed an orc warrior
   938 | D        | Killed an orc warrior
   938 | D        | Killed an orc warrior
   939 | D        | Noticed an orc warrior
   944 | D        | Killed an orc warrior
   945 | D        | Killed an orc warrior
   945 | D        | Reached skill level 19 in Evocations
   946 | D        | Killed an orc warrior
   988 | D        | Found Khabb's Antique Armour Boutique.
   988 | D        | Noticed an orc wizard
   988 | D        | Noticed an orc wizard
   988 | D        | Noticed an orc sorcerer
   988 | D        | Noticed an orc sorcerer
   988 | D        | Noticed an orc wizard
   988 | D        | Noticed an orc wizard
   989 | D        | Killed an orc wizard
   989 | D        | Killed an orc wizard
   989 | D        | Killed an orc sorcerer
   989 | D        | Paralysed by an orc sorcerer for 2 turns
   991 | D        | Found Smisch's Book Shop.
   991 | D        | Noticed an orc wizard
   992 | D        | Noticed an orc sorcerer
   998 | D        | Killed an orc sorcerer
  1001 | D        | Killed an orc wizard
  1003 | D        | Killed an orc wizard
  1003 | D        | Killed an orc sorcerer
  1003 | D        | Reached skill level 10 in Armour
  1003 | D        | Killed an orc wizard
  1018 | D        | Found Alurelyos' Distillery.
  1023 | D        | Found Queffil's Antique Armour Shop.
  1025 | D        | Noticed an orc sorcerer
  1025 | D        | Paralysed by an orc sorcerer for 2 turns
  1027 | D        | Noticed an orc wizard
  1028 | D        | Noticed an orc sorcerer
  1029 | D        | Noticed an orc wizard
  1030 | D        | Killed an orc wizard
  1031 | D        | Noticed an orc wizard
  1032 | D        | Killed an orc sorcerer
  1035 | D        | Killed an orc wizard
  1036 | D        | Killed an orc sorcerer
  1041 | D        | Killed an orc wizard
  1063 | D        | Bought a potion of heal wounds for 60 gold pieces
  1071 | D        | Bought a bloodstained hat for 180 gold pieces
  1076 | D        | Identified the -5 hat "Oraekkav" {+Blink +Inv rPois} (You bought it in a shop in the Dungeon)
  1085 | D        | Bought a potion of invisibility for 96 gold pieces
  1085 | D        | Bought a potion of restore abilities for 60 gold pieces
  1085 | D        | Bought a potion of invisibility for 96 gold pieces
  1085 | D        | Bought a potion of invisibility for 96 gold pieces
  1085 | D        | Bought a potion of restore abilities for 60 gold pieces
  1085 | D        | Bought a potion of poison for 12 gold pieces
  1088 | D        | Bought a pair of gloves for 121 gold pieces
  1088 | D        | Bought a spiked leather armour for 189 gold pieces
  1088 | D        | Bought a runed chain mail for 121 gold pieces
  1088 | D        | Bought a large shield for 121 gold pieces
  1094 | D        | Bought a glowing chain mail for 90 gold pieces
  1139 | D        | Identified the +3 leather armour of Watchfulness {Int+1 Dex+2} (You bought it in a shop in the Dungeon)
  1158 | D        | Bought the Almanac of Torrid Arcane Weapons for 319 gold pieces
  1185 | D        | Noticed Maurice
  1192 | D        | Killed Maurice
  1251 | D        | Noticed Harold
  1267 | D        | Killed Harold
  1382 | D        | Noticed a hill giant
  1382 | D        | Noticed a giant frog
  1382 | D        | Noticed a slime creature
  1382 | D        | Noticed a tengu warrior
  1382 | D        | Noticed an octopode
  1382 | D        | Noticed a tengu warrior
  1382 | D        | Noticed a rakshasa
  1384 | D        | Killed an octopode
  1384 | D        | Killed a tengu warrior
  1384 | D        | Reached skill level 20 in Evocations
  1385 | D        | Killed a giant frog
  1386 | D        | Noticed a troll
  1386 | D        | Killed a rakshasa
  1386 | D        | Killed a tengu warrior
  1386 | D        | Reached skill level 21 in Evocations
  1386 | D        | Killed a slime creature
  1387 | D        | Noticed a stone giant
  1389 | D        | Noticed a stone giant
  1391 | D        | Noticed a yaktaur
  1393 | D        | Noticed a tengu warrior
  1394 | D        | Killed a troll
  1397 | D        | a hill giant (ally) was killed
  1402 | D        | Killed a stone giant
  1402 | D        | Reached skill level 22 in Evocations
  1402 | D        | Reached XP level 12. HP: 120/120 MP: 26/26
  1402 | D        | Killed a yaktaur
  1403 | D        | Killed a tengu warrior
  1403 | D        | Reached skill level 23 in Evocations
  1405 | D        | Killed a stone giant
  1416 | D        | Noticed a stone giant
  1417 | D        | Noticed a catoblepas
  1418 | D        | Noticed a tengu conjurer
  1428 | D        | Killed a tengu conjurer
  1428 | D        | Reached skill level 1 in Shields
  1429 | D        | Killed a catoblepas
  1447 | D        | Killed a stone giant
  1447 | D        | Reached skill level 5 in Shields
  1579 | D        | Noticed a salamander mystic
  1579 | D        | Noticed a mana viper
  1579 | D        | Noticed a naga
  1579 | D        | Noticed a greater naga
  1579 | D        | Noticed a naga sharpshooter
  1579 | D        | Noticed a black mamba
  1579 | D        | Noticed a naga
  1580 | D        | Noticed a mana viper
  1581 | D        | Killed a naga
  1582 | D        | Killed a naga
  1582 | D        | Killed a black mamba
  1583 | D        | Noticed a naga mage
  1585 | D        | Killed a naga sharpshooter
  1586 | D        | Killed a mana viper
  1587 | D        | Killed a greater naga
  1587 | D        | Reached skill level 10 in Invocations
  1587 | D        | Killed a naga mage
  1588 | D        | Killed a mana viper
  1599 | D        | Killed a salamander mystic
  1617 | D        | Noticed a redback
  1617 | D        | Noticed a wolf spider
  1617 | D        | Noticed a wolf spider
  1617 | D        | Noticed a redback
  1617 | D        | Noticed a jumping spider
  1617 | D        | Noticed a jumping spider
  1617 | D        | Noticed a demonic crawler
  1620 | D        | Killed a redback
  1621 | D        | Killed a jumping spider
  1621 | D        | Killed a wolf spider
  1623 | D        | Killed a jumping spider
  1623 | D        | Killed a demonic crawler
  1627 | D        | Killed a wolf spider
  1627 | D        | Reached skill level 10 in Shields
  1630 | D        | Killed a redback
  1631 | D        | Noticed an orb spider
  1632 | D        | Killed an orb spider
  1633 | D        | Noticed a wolf spider
  1652 | D        | Killed a wolf spider
  1670 | D        | Noticed a giant leech
  1670 | D        | Noticed a slime creature
  1670 | D        | Noticed a swamp dragon
  1670 | D        | Noticed a shambling mangrove
  1670 | D        | Noticed a swamp dragon
  1670 | D        | Noticed a water moccasin
  1670 | D        | Noticed a spiny frog
  1671 | D        | Killed a spiny frog
  1671 | D        | Killed a water moccasin
  1672 | D        | Noticed a shadow
  1674 | D        | Noticed a swamp dragon
  1674 | D        | Killed a shambling mangrove
  1674 | D        | Reached XP level 13. HP: 124/127 MP: 26/26
  1675 | D        | Killed a swamp dragon
  1675 | D        | Killed a slime creature
  1676 | D        | Killed a swamp dragon
  1679 | D        | Killed a shadow
  1680 | D        | Killed a swamp dragon
  1686 | D        | Killed a giant leech
  1716 | D        | Noticed an alligator snapping turtle
  1716 | D        | Noticed a water nymph
  1716 | D        | Noticed a water nymph
  1716 | D        | Noticed a merfolk
  1716 | D        | Noticed a wind drake
  1716 | D        | Noticed a manticore
  1716 | D        | Noticed a manticore
  1717 | D        | Noticed a wind drake
  1718 | D        | Killed a water nymph
  1719 | D        | Killed a manticore
  1719 | D        | Killed a manticore
  1719 | D        | Killed a merfolk
  1721 | D        | Noticed a harpy
  1723 | D        | Killed a wind drake
  1726 | D        | Killed a harpy
  1741 | D        | Killed a water nymph
  1746 | D        | Killed a wind drake
  1767 | D        | Killed an alligator snapping turtle
  1846 | D        | Noticed Norris
  1860 | D        | Killed Norris
  1860 | D        | Reached skill level 15 in Invocations
  1882 | D        | Noticed Louise
  1886 | D        | Killed Louise
  1925 | D        | Noticed a catoblepas
  1925 | D        | Noticed a lich
  1925 | D        | Noticed an ettin
  1925 | D        | Noticed a deep troll shaman
  1925 | D        | Noticed a frost giant
  1925 | D        | Noticed a deep elf knight
  1925 | D        | Noticed a yaktaur
  1926 | D        | Noticed a frost giant
  1928 | D        | Killed a yaktaur
  1928 | D        | Killed a deep troll shaman
  1930 | D        | Killed a deep elf knight
  1930 | D        | Killed a frost giant
  1931 | D        | Noticed an ettin
  1933 | D        | Killed an ettin
  1933 | D        | Killed a catoblepas
  1934 | D        | Killed a lich
  1936 | D        | Noticed a deep elf knight
  1938 | D        | Noticed a catoblepas
  1939 | D        | Killed a frost giant
  1941 | D        | Noticed a death yak
  1945 | D        | Killed an ettin
  1951 | D        | Killed a deep elf knight
  1951 | D        | Gained mutation: You resist negative energy. [level up]
  1951 | D        | Reached XP level 14. HP: 135/135 MP: 23/23
  1951 | D        | Killed a catoblepas
  1958 | D        | Noticed an ogre mage
  1960 | D        | Noticed a yaktaur captain
  1962 | D        | Killed an ogre mage
  1963 | D        | Killed a death yak
  1964 | D        | Killed a yaktaur captain
  1979 | D        | Noticed a yaktaur captain
  1992 | D        | Killed a yaktaur captain
  1993 | D        | Noticed a deep troll earth mage
  1994 | D        | Noticed a wizard
  1999 | D        | Killed a wizard
  2004 | D        | Killed a deep troll earth mage
  2004 | D        | Reached skill level 24 in Evocations
  2045 | D        | Noticed an ironbrand convoker
  2045 | D        | Noticed a harpy
  2045 | D        | Noticed an ironheart preserver
  2045 | D        | Noticed a centaur warrior
  2045 | D        | Noticed a skeletal warrior
  2045 | D        | Noticed a cyclops
  2045 | D        | Noticed a harpy
  2046 | D        | Killed a harpy
  2047 | D        | Killed a cyclops
  2047 | D        | Killed a centaur warrior
  2048 | D        | Noticed a yaktaur captain
  2049 | D        | Noticed a hill giant
  2051 | D        | Killed a skeletal warrior
  2051 | D        | Killed a harpy
  2051 | D        | Killed an ironbrand convoker
  2052 | D        | Noticed a yaktaur captain
  2055 | D        | Killed an ironheart preserver
  2060 | D        | Killed a hill giant
  2060 | D        | Reached skill level 25 in Evocations
  2061 | D        | Killed a yaktaur captain
  2062 | D        | Noticed a vault warden
  2064 | D        | Killed a yaktaur captain
  2065 | D        | Noticed a wind drake
  2066 | D        | Noticed an ironbrand convoker
  2074 | D        | Killed an ironbrand convoker
  2075 | D        | Noticed an orc knight
  2079 | D        | Killed a vault warden
  2080 | D        | a wind drake changed into a manticore
  2095 | D        | Killed an orc knight
  2124 | D        | Noticed an ogre mage
  2125 | D        | Noticed an ironheart preserver
  2126 | D        | Noticed an ironbrand convoker
  2126 | D        | Noticed an ogre mage
  2127 | D        | Noticed a stone giant
  2128 | D        | Noticed an ironheart preserver
  2132 | D        | Killed an ogre mage
  2132 | D        | Reached skill level 26 in Evocations
  2139 | D        | Killed an ogre mage
  2140 | D        | Killed an ironbrand convoker
  2143 | D        | Killed an ironheart preserver
  2144 | D        | Killed an ironheart preserver
  2146 | D        | Killed a stone giant
  2195 | D        | Learned a level 3 spell: Conjure Flame
  2199 | D        | Learned a level 3 spell: Mephitic Cloud
  2205 | D        | Learned a level 5 spell: Fireball
  2205 | D        | Noticed Nikola
  2205 | D        | Noticed Frederick
  2205 | D        | Noticed Boris
  2209 | D        | Killed Frederick
  2210 | D        | Killed Nikola
  2214 | D        | Noticed Xtahua
  2214 | D        | Noticed Mara
  2242 | D        | HP: 1/135 [disintegration (70)]
  2356 | D        | Quit the game

Action                   |  1- 3 |  4- 6 |  7- 9 | 10-12 | 13-15 || total
-------------------------+-------+-------+-------+-------+-------++-------
Melee: Short sword       |    14 |       |       |       |       ||    14
       Scimitar          |    17 |       |       |       |       ||    17
       Broad axe         |       |       |    13 |    78 |       ||    91
       War axe           |       |       |       |    57 |    96 ||   153
Throw: Javelin           |       |       |       |       |     5 ||     5
       Throwing net      |       |       |       |       |     1 ||     1
Invok: Major Destruction |       |       |       |     7 |     6 ||    13
       Greater Servant o |       |       |       |     1 |       ||     1
 Abil: Device Recharging |       |       |     1 |     7 |     6 ||    14
Evoke: Wand              |    12 |     1 |    15 |    60 |    57 ||   145
  Use: Potion            |     1 |       |       |     4 |     3 ||     8
       Scroll            |       |       |       |       |     1 ||     1
 Stab: Sleeping          |     1 |       |       |       |       ||     1
       Petrified         |       |       |       |     3 |       ||     3
  Eat: Chunk             |       |       |       |     5 |     2 ||     7
